 Dungeon Crawl Stone Soup version 0.30-a0-629-gd54f4be4f7 (webtiles) character file.

Game seed: 1236817749873175567

168 Dittersdorf the Trooper (level 5, -2/34 HPs)
             Began as a Gargoyle Fighter on Jan 12, 2023.
             Slain by a river rat (4 damage)
             ... in a sewer.
             The game lasted 00:03:45 (1941 turns).

Dittersdorf the Trooper (Gargoyle Fighter)          Turns: 1941, Time: 00:03:46

Health: -2/34      AC: 13    Str: 25 (28) XL:     5   Next: 49%
Magic:  5/5        EV:  7    Int:  6 (8)  God:
Gold:   162        SH:  4    Dex:  7 (9)  Spells: 4/4 levels left

rFire   . . .      SeeInvis .    n - +0 whip (elec)
rCold   . . .      Faith    .    c - +0 buckler
rNeg    + . .      Spirit   .    i - +0 chain mail
rPois   ∞          Reflect  .    (no helmet)
rElec   +          Harm     .    (no cloak)
rCorr   .          Rampage  .    (no gloves)
Will    .....                    (no boots) Stlth
                                 (no amulet)
HPRegen 0.25/turn                b - +6 ring of strength
MPRegen 0.09/turn                (no ring)

@: mighty
A: sickness immunity, AC +4, negative energy resistance 1, electricity
resistance, torment resistance 1, petrification resistance
a: no special abilities


You were in a sewer.
You visited 1 branch of the dungeon, and saw 3 of its levels.
You also visited: Sewer.

You collected 162 gold pieces.

Inventory:

Hand Weapons
 a - a +0 flail
 n - a +0 whip of electrocution (weapon)
Armour
 c - a +0 buckler (worn)
 i - a +0 chain mail (worn)
Jewellery
 b - a +6 ring of strength (left hand)
Scrolls
 e - 2 scrolls of enchant armour
 h - a scroll of fear
 k - 2 scrolls of fog {unknown}
 m - a scroll of magic mapping {unknown}
 q - a scroll of blinking {unknown}
 r - a scroll of torment {unknown}
 s - a scroll of enchant weapon {unknown}
 t - 3 scrolls of identify
Potions
 d - 2 potions of might
 g - a potion of curing
 j - 2 potions of brilliance
 l - a potion of flight
 o - 2 potions of haste
 p - a potion of cancellation


   Skills:
 + Level 4.3 Fighting
 + Level 3.1 Maces & Flails
 + Level 4.3 Armour
 + Level 4.3 Shields


You had 4 spell levels left.
You didn't know any spells.
Your spell library contained the following spells:

 Spells                   Type           Power      Damage    Failure   Level
 Dispel Undead            Necr           0%         3d6       100%        4
 Death Channel            Necr           0%         N/A       100%        6
 Cigotuvi's Dreadful Rot  Necr/Pois/Air  Unusable   N/A       N/A         2

Dungeon Overview and Level Annotations

Branches:
Dungeon (3/15)              Sewer (1/1)

Altars:

Shops:
D:2 =

Annotations:
D:3 3 runed translucent doors


Innate Abilities, Weirdness & Mutations

You are immune to sickness and miasma.
Your stone body is resilient. (AC +4)
You are immune to poison.
You resist negative energy. (rN+)
You are resistant to electric shocks. (rElec)
You are resistant to unholy torment.
You are immune to petrification.


Message History

The river rat bites you but does no damage.
The river rat barely misses you.
You hit the river rat.
The river rat is almost dead.
The adder bites you but does no damage. The river rat bites you.
The river rat bites you but does no damage.
You barely miss the river rat.
The river rat is almost dead.
The adder bites you. The adder closely misses you.
The river rat closely misses you.
You hit the river rat.
Lightning courses through the river rat!
You kill the river rat!
The adder bites you.
* * * LOW HITPOINT WARNING * * *
The river rat barely misses you.
You hit the river rat.
The river rat is lightly wounded.
You block the adder's attack. The rat bites you but does no damage.
The river rat barely misses you.
You barely miss the river rat.
The river rat is lightly wounded.
The adder barely misses you.
The rat splashes around in the water.
You block the adder's attack. The river rat bites you!
* * * LOW HITPOINT WARNING * * *
You closely miss the river rat.
The river rat is lightly wounded.
The rat splashes around in the water.
You block the adder's attack. The river rat bites you.
* * * LOW HITPOINT WARNING * * *
You feel very mighty all of a sudden. The adder bites you but does no damage.
The rat bites you but does no damage.
The river rat bites you but does no damage.
It was a potion of degeneration.
There was something very wrong with that liquid.
You feel weakened.
You feel dopey.
You feel clumsy. You block the adder's attack.
The rat bites you but does no damage.
The river rat twitches its whiskers.
The river rat bites you.
You die...

##......
#......
#.....##
#~~~~~≈#
#≈≈≈~≈≈#
#≈≈≈†≈≈#
#≈≈~r≈≈#
#≈≈rrS≈#
#≈≈≈r@≈#
#≈~~#≈≈#
#≈.~≈≈≈#
#≈≈~#~≈#
#≈~≈~≈≈#
#≈≈≈~≈≈#
#≈≈≈~≈≈#
#≈≈~~≈≈#
#≈≈~~~≈#


You could see an adder, a river rat and 3 rats.

Vanquished Creatures
  Jessica (D:2)
  3 gnolls (D:3)
  3 adders (D:3)
  3 river rats
  A worm (D:3)
  2 dart slugs
  5 ball pythons
  5 endoplasms
  2 goblins
  6 hobgoblins
  6 jackals
  9 kobolds
  A quokka (D:1)
  3 bats
  A frilled lizard (D:1)
  7 rats
58 creatures vanquished.

Vanquished Creatures (others)
  8 toadstools
8 creatures vanquished.

Grand Total: 66 creatures vanquished

Notes
Turn   | Place    | Note
-------+----------+-------------------------------------------
     0 | D:1      | Dittersdorf the Gargoyle Fighter began the quest for the
                  | Orb.
     0 | D:1      | Reached XP level 1. HP: 14/14 MP: 1/1
   189 | D:1      | Reached XP level 2. HP: 19/19 MP: 2/2
   528 | D:1      | Reached XP level 3. HP: 20/23 MP: 3/3
   956 | D:2      | Noticed Jessica
   963 | D:2      | Killed Jessica
  1013 | D:2      | Found Quqacen's Jewellery Shoppe.
  1094 | D:2      | Reached XP level 4. HP: 29/29 MP: 4/4
  1409 | D:3      | Found a runed translucent gate.
  1409 | D:3      | Found a runed translucent gate.
  1409 | D:3      | Found a runed translucent gate.
  1626 | D:3      | Reached XP level 5. HP: 31/33 MP: 5/5
  1884 | D:3      | Found a glowing drain.
  1892 | Sewer    | Entered a sewer
  1939 | Sewer    | HP: 1/34 [river rat (3)]
  1941 | Sewer    | Slain by a river rat

Illustrated notes

Levels and vault maps discovered:
D:1:      ldierk_walled_garden_2, layout_basic, roderic_serpentine_path
D:2:      kennysheep_big_flooded_room, layout_basic, serial_shops,
          nicolae_shop_statue_plus, minmay_gold_behind_fungi,
          minmay_misc_feat_pillars, uniq_jessica
D:3:      layout_basic, mainiacjoe_overflow_alcove_2, gammafunk_ghost_icy,
          lightli_sewer_entry_pipes
Sewer:    sewer_minmay_w

Skill      XL: |  1  2  3  4 |
---------------+-------------+-----
Fighting       | 4 |  4.3
Armour         | 4 |  4.3
Shields        | 4 |  4.3
Maces & Flails | 3 |  3.1

Action                   |  1- 3 |  4- 6 || total
-------------------------+-------+-------++-------
Melee: Flail             |   117 |     2 ||   119
       Whip              |       |   108 ||   108
  Use: Scroll            |     5 |     3 ||     8
       Potion            |       |     2 ||     2
Armor: Scale mail        |    60 |       ||    60
       Chain mail        |     9 |    95 ||   104
Dodge: Dodged            |    64 |    62 ||   126
Block: Buckler           |    33 |    37 ||    70

Table legend: (Time is in decaauts)
 A = Elapsed time spent in this place.
 B = Non-inter-level travel time spent in this place.
 C = Inter-level travel time spent in this place.
 D = Time resting spent in this place.
 E = Time spent auto-exploring this place.
 F = Levels seen in this place.
 G = Mean time per level.
                   A        B        C        D        E       F      G
               +--------+--------+--------+--------+--------+-----+--------+
         Total |   2004 |   1862 |    142 |      0 |   1295 |   4 |  501.0 |
       Dungeon |   1944 |   1802 |    142 |      0 |   1277 |   3 |  648.0 |
         Sewer |     60 |     60 |      0 |      0 |     18 |   1 |   60.0 |
               +--------+--------+--------+--------+--------+-----+--------+

Top non-repeatable levels by time:
     D:2: 750 daAuts
     D:1: 668 daAuts
     D:3: 525 daAuts
   Sewer: 60 daAuts
